 Seeded DCSS version 0.29-a0-973-gac7da5f7f0 (webtiles) character file.

Game seed: 20220731 (custom seed)

5211 purpskrrrp the Skirmisher (level 10, -1/76 HPs)
             Began as a Formicid Hunter on July 31, 2022.
             Was an Initiate of Gozag.
             Slain by a large abomination (17 damage)
             ... on level 1 of the Abyss.
             The game lasted 00:28:07 (7236 turns).

purpskrrrp the Skirmisher (Formicid Hunter)         Turns: 7236, Time: 00:28:10

Health: -1/76      AC: 19    Str: 19    XL:     10   Next: 91%
Magic:  10/10      EV: 13    Int: 14    God:    Gozag
Gold:   981        SH: 10    Dex: 19    Spells: 9/9 levels left

rFire   + . .      SeeInvis +   a - +3 shortbow (freeze)
rCold   + . .      Faith    .   A - +0 kite shield
rNeg    . . .      Spirit   .   j - +6 scale mail
rPois   +          Reflect  .   (helmet unavailable)
rElec   +          Harm     .   B - +1 cloak of Starlight {*Dazzle EV+4 Stlth--}
rCorr   +          Rampage  .   (no gloves)
Will    +....                   (no boots)
Stlth   ..........              w - amulet of the acrobat
HPRegen 0.22/turn               d - +4 ring of protection
MPRegen 0.12/turn               n - +6 ring of intelligence

@: resistant
A: permanent stasis, dig shafts and tunnels, antennae 3, four strong arms, wild
magic 1, evolution 1
a: Dig, Shaft Self, Renounce Religion, Potion Petition, Call Merchant, Bribe
Branch


You were on level 1 of the Abyss.
You worshipped Gozag.
Gozag was pleased with you.
You visited 2 branches of the dungeon, and saw 10 of its levels.
You visited the Abyss 1 time.

You collected 1496 gold pieces.
You spent 427 gold pieces at shops.
You paid 88 gold pieces to Gozag.

Inventory:

Hand Weapons
 a - a +3 shortbow of freezing (weapon)
 g - a +3 vorpal falchion
 x - the +8 broad axe of Nemelex Xobeh's Wrath {freeze, Dex+3}
   (You found it on level 8 of the Dungeon)

   It freezes those it strikes, dealing additional cold damage.
   It can also slow down cold-blooded creatures.
   Dex:       It affects your dexterity (+3).
 z - a +0 giant spiked club
Missiles
 f - 32 poisoned darts
 s - 2 atropa-tipped darts
 y - 6 javelins
Armour
 c - a +0 leather armour
 j - a +6 scale mail (worn)
 A - a +0 kite shield (worn)
 B - the +1 cloak of Starlight (worn) {*Dazzle EV+4 Stlth--}
   (You bought it in a shop on level 9 of the Dungeon)

   It may blind those who miss an attack against the wearer in melee combat.
   EV:        It affects your evasion (+4).
   Stlth:     It makes you much less stealthy.
 G - the +3 ring mail of Xapetaxt {Drain rF++ rN++}
   (You found it on level 8 of the Dungeon)

   rF:        It greatly protects you from fire.
   rN:        It greatly protects you from negative energy.
   Drain:     It drains your maximum health when unequipped.
Jewellery
 d - a +4 ring of protection (left hand)
 n - a +6 ring of intelligence (right hand)
 p - an amulet of regeneration
 q - an amulet of faith
 w - an amulet of the acrobat (around neck)
Wands
 u - a wand of polymorph (7)
 D - a wand of iceblast (13)
Scrolls
 b - 4 scrolls of immolation
 r - 2 scrolls of fear
 C - a scroll of amnesia
 F - a scroll of magic mapping
Potions
 e - 8 potions of curing
 h - 2 potions of lignification
 i - 3 potions of haste
 k - a potion of resistance
 l - a potion of attraction
 m - 2 potions of might
 o - a potion of flight
 t - 2 potions of invisibility
 v - 2 potions of heal wounds


   Skills:
 + Level 5.9 Fighting
 * Level 13.2 Ranged Weapons
 + Level 4.5 Armour
 - Level 2.0 Dodging
 + Level 6.2 Stealth
 * Level 3.6 Shields


You had 9 spell levels left.
You didn't know any spells.
Your spell library contained the following spells:

 Spells                   Type           Power      Damage    Failure   Level
 Apportation              Tloc           0%         N/A       93%         1
 Magic Dart               Conj           0%         1d3       93%         1
 Necrotise                Necr           0%         1d4       93%         1
 Summon Small Mammal      Summ           0%         N/A       93%         1
 Call Imp                 Summ           0%         N/A       98%         2
 Ensorcelled Hibernation  Hex/Ice        0%         N/A       98%         2
 Sublimation of Blood     Necr           0%         N/A       98%         2
 Wereblood                Tmut           0%         N/A       98%         2
 Dazzling Flash           Conj/Hex       0%         N/A       100%        3
 Mephitic Cloud           Conj/Pois/Air  0%         N/A       100%        3
 Spider Form              Tmut/Pois      0%         N/A       100%        3
 Anguish                  Hex/Necr       0%         N/A       100%        4
 Iskenderun's Mystic Bla  Conj/Tloc      0%         2d3       100%        4
 Starburst                Conj/Fire      0%         6d3       100%        6
 Summon Hydra             Summ           0%         N/A       100%        7


Dungeon Overview and Level Annotations

Branches:
Dungeon (9/15)             Temple (1/1) D:4
   Lair: D:8-11         Orc: D:9-12

Altars:
Cheibriados
Dithmenos
Elyvilon
Fedhas
Gozag
Hepliaklqana
Kikubaaqudgha
Makhleb
Nemelex Xobeh
Okawaru
Qazlal
Ru
Sif Muna
Trog
Uskayaw
Vehumet
Wu Jian
Xom
Yredelemnul
Zin

Shops:
D:9 *


Innate Abilities, Weirdness & Mutations

You cannot be hasted, slowed, berserked, paralysed or teleported.
You can dig through walls and to a lower floor.
You have a pair of large antennae on your head. (SInv)
Your four strong arms can wield two-handed weapons with a shield.
Your spells are a little harder to cast, but a little more powerful.
You have hidden genetic potential.


Message History

Aim: a small abomination (severely damaged, 71% to hit)
You shoot an arrow.
The arrow hits the small abomination but does no damage.
The small abomination is severely damaged.
The small abomination hits you but does no damage.
Fire: a) +3 shortbow (freeze)
Press: ? - help, Shift-Dir - straight line, f/p - small abomination
Aim: a small abomination (severely damaged, 71% to hit)
You shoot an arrow. The arrow hits the small abomination.
The arrow freezes the small abomination.
The small abomination is almost destroyed.
The small abomination hits you but does no damage.
A large abomination comes into view.
You feel protected.
You block the small abomination's attack. x2
Fire: a) +3 shortbow (freeze)
Press: ? - help, Shift-Dir - straight line, f/p - small abomination
Aim: a small abomination (almost destroyed, 71% to hit)
You shoot an arrow.
The arrow closely misses the small abomination.
You block the small abomination's attack.
You block the large abomination's attack.
Fire: a) +3 shortbow (freeze)
Press: ? - help, Shift-Dir - straight line, f/p - small abomination
Aim: a small abomination (almost destroyed, 71% to hit)
You shoot an arrow.
The arrow hits the small abomination but does no damage.
The small abomination is almost destroyed.
The small abomination hits you but does no damage.
The large abomination hits you!
* * * LOW HITPOINT WARNING * * *
Fire: a) +3 shortbow (freeze)
Press: ? - help, Shift-Dir - straight line, f/p - small abomination
Aim: a small abomination (almost destroyed, 71% to hit)
You shoot an arrow.
The arrow closely misses the small abomination.
The small abomination hits you but does no damage.
The large abomination hits you!
You die...
Your body crumbles into a pile of gold.

. ## ### # ##
..#.. #. .#..
.#. ..# #.#
#####..# # .#
.. #.##..# ...
..##..x@X#
#......#.###..#
#.#.# ### ..# #
# .## . # .# #
# ##..# # .# #
#.#.. .### # #
.> .# # { . # #
## # . #. # ##


You could see a large abomination and a small abomination.

Vanquished Creatures
  A bunyip skeleton (Abyss:1)
  A hornet (D:8)
  Sigmund (D:4)
  Eustachio (D:4)
  3 yaks (D:8)
  An acid dragon (D:8)
  2 water moccasins
  3 orc warriors (D:8)
  2 black bears (D:4)
  An ice beast (D:8)
  A sky beast (D:5)
  2 ogres
  Blork the orc (D:6)
  2 phantoms (D:5)
  3 kobold brigands
  2 necrophages (D:6)
  2 bullfrogs
  8 scorpions
  A gnoll sergeant (D:7)
  8 killer bees
  2 howler monkeys
  An electric eel (D:7)
  5 hounds
  A quasit (Abyss:1)
  A gnoll bouda (D:8)
  8 orc priests
  3 iguanas
  8 orc wizards
  10 gnolls
  9 adders
  A shadow imp (D:6)
  2 white imps
  An ufetubus (D:5)
  A worm (D:4)
  A dart slug (D:1)
  26 orcs
  5 ball pythons
  11 bats
  4 endoplasms
  3 giant cockroaches
  8 goblins
  2 hobgoblins
  3 jackals (D:5)
  23 kobolds
  3 quokkas
  5 rats
193 creatures vanquished.

Vanquished Creatures (others)
  8 fungi (D:6)
8 creatures vanquished.

Grand Total: 201 creatures vanquished

Notes
Turn   | Place    | Note
-------+----------+-------------------------------------------
     0 | D:1      | purpskrrrp the Formicid Hunter began the quest for the Orb.
     0 | D:1      | Reached XP level 1. HP: 16/16 MP: 1/1
   300 | D:1      | Reached XP level 2. HP: 23/23 MP: 2/2
   416 | D:1      | Found a faded altar of an unknown god.
   860 | D:1      | Reached XP level 3. HP: 28/28 MP: 3/3
  1863 | D:3      | Reached XP level 4. HP: 34/34 MP: 4/4
  1953 | D:3      | Reached skill level 5 in Ranged Weapons
  2294 | D:4      | Noticed a scorpion
  2302 | D:4      | Killed a scorpion
  2303 | D:4      | Reached skill level 1 in Armour
  2303 | D:4      | Reached XP level 5. HP: 28/41 MP: 5/5
  2311 | D:4      | Noticed a black bear
  2329 | D:4      | Killed a black bear
  2330 | D:4      | Reached skill level 6 in Ranged Weapons
  2330 | D:4      | Reached XP level 6. HP: 14/47 MP: 6/6
  2448 | D:4      | Found a staircase to the Ecumenical Temple.
  2463 | Temple   | Entered the Ecumenical Temple
  2537 | Temple   | Became a worshipper of Gozag Ym Sagoz the Greedy
  2658 | D:4      | Noticed Sigmund
  2668 | D:4      | Killed Sigmund
  2669 | D:4      | Reached skill level 7 in Ranged Weapons
  2669 | D:4      | Reached XP level 7. HP: 41/52 MP: 7/7
  2905 | D:4      | Reached skill level 8 in Ranged Weapons
  2905 | D:4      | Reached XP level 8. HP: 50/58 MP: 8/8
  2945 | D:4      | Noticed Eustachio
  2965 | D:4      | Killed Eustachio
  3054 | D:4      | Found a stormy altar of Qazlal.
  3063 | D:4      | Found a burning altar of Makhleb.
  3067 | D:4      | Found a bloodstained altar of Trog.
  3501 | D:5      | Entered Level 5 of the Dungeon
  3601 | D:5      | Reached skill level 9 in Ranged Weapons
  3788 | D:5      | Found a shimmering blue altar of Sif Muna.
  3988 | D:6      | Reached XP level 9. HP: 63/65 MP: 9/9
  4114 | D:6      | Reached skill level 10 in Ranged Weapons
  4174 | D:6      | Reached skill level 5 in Stealth
  4395 | D:6      | Noticed Blork the orc
  4405 | D:6      | Killed Blork the orc
  4583 | D:6      | Reached skill level 11 in Ranged Weapons
  5661 | D:8      | Reached skill level 5 in Fighting
  5661 | D:8      | Reached XP level 10. HP: 60/74 MP: 10/10
  5735 | D:8      | Identified the +8 broad axe of Nemelex Xobeh's Wrath
                  | {freeze, Dex+3}
  5773 | D:8      | Reached skill level 1 in Shields
  5891 | D:8      | Reached skill level 12 in Ranged Weapons
  6346 | D:8      | Identified the +3 ring mail of Xapetaxt {Drain rF++ rN++}
  6699 | D:8      | Gained mutation: You have large cloven feet. [potion of
                  | mutation]
  6699 | D:8      | Lost mutation: You have large cloven feet. [potion of
                  | mutation]
  6699 | D:8      | Gained mutation: Your spells are a little harder to cast,
                  | but a little more powerful. [potion of mutation]
  6699 | D:8      | Gained mutation: You have hidden genetic potential. [potion
                  | of mutation]
  6730 | D:9      | Found Keripid's Neck Hole.
  6820 | D:9      | Bought the +1 cloak of Starlight {*Dazzle EV+4 Stlth--} for
                  | 427 gold pieces
  6820 | D:9      | Found the +1 cloak of Starlight {*Dazzle EV+4 Stlth--}
  7134 | Abyss:1  | Found a corrupted altar of Lugonu.
  7134 | Abyss:1  | Cast into level 1 of the Abyss (orc wizard)
  7221 | Abyss:1  | Reached skill level 13 in Ranged Weapons
  7232 | Abyss:1  | Noticed a large abomination
  7236 | Abyss:1  | Slain by a large abomination

Illustrated notes

Levels and vault maps discovered:
D:1:      grunt_arrival_lava_bath, layout_loops_corners,
          hellmonk_ecumenical_altar_lost_god
D:2:      layout_loops_ring
D:3:      layout_rooms
D:4:      layout_loops_corners, minitemple, minmay_temple_entry_trees,
          minmay_pentomino_pile, uniq_sigmund, uniq_eustachio
D:5:      layout_basic, general_overflow_altar
D:6:      old_forge, layout_basic, uniq_blork_the_orc
D:7:      layout_basic, minmay_crystal_water
D:8:      layout_basic, grunt_ministairs_11, minivault_5, serial_bayou_pond_d
D:9:      minmay_the_grid_square_5x5_3x3 [minmay_the_grid_square_5x5_longway,
          minmay_the_grid_square_5x5_half_checkered,
          minmay_the_grid_square_5x5_spiral, minmay_the_grid_square_5x5_empty,
          minmay_the_grid_square_5x5_megaprize_open,
          minmay_the_grid_square_5x5_fancy_junction,
          minmay_the_grid_square_5x5_lines, minmay_the_grid_square_5x5_z,
          minmay_the_grid_square_5x5_two_walls_b], layout_layer_cave,
          nicolae_tso_carved_into_rock, david_orc_5,
          nicolae_shop_sticking_my_neck_out
Temple:   nicolae_temple_x_marks_the_god
Abyss:1:  base:
D:7

Skill      XL: |  1  2  3  4  5  6  7  8  9 10 |
---------------+-------------------------------+-----
Dodging        | 2 |  2.0
Ranged Weapons | 5 6 7 8 9 11 13 | 13.2
Fighting       | 3 4 5 |  5.9
Armour         | 1 2 3 4 |  4.5
Stealth        | 2 3 4 5 6 |  6.2
Shields        | 3 |  3.6

Action                   |  1- 3 |  4- 6 |  7- 9 | 10-12 || total
-------------------------+-------+-------+-------+-------++-------
 Fire: Shortbow          |    70 |    89 |   362 |   202 ||   723
 Abil: Dig               |       |       |     1 |     1 ||     2
  Use: Scroll            |     5 |     6 |    11 |     3 ||    25
       Potion            |       |       |       |     3 ||     3
Armor: Leather armour    |     7 |       |       |       ||     7
       Scale mail        |     5 |    53 |   129 |    76 ||   263
Dodge: Dodged            |    29 |    43 |   108 |    59 ||   239
Block: Kite shield       |       |       |    14 |    75 ||    89

Table legend: (Time is in decaauts)
 A = Elapsed time spent in this place.
 B = Non-inter-level travel time spent in this place.
 C = Inter-level travel time spent in this place.
 D = Time resting spent in this place.
 E = Time spent auto-exploring this place.
 F = Levels seen in this place.
 G = Mean time per level.
                   A        B        C        D        E       F      G
               +--------+--------+--------+--------+--------+-----+--------+
         Total |   7403 |   7288 |    115 |    266 |   4959 |  11 |  673.0 |
       Dungeon |   7215 |   7100 |    115 |    266 |   4896 |   9 |  801.7 |
        Temple |     81 |     81 |      0 |      0 |     46 |   1 |   81.0 |
         Abyss |    105 |    105 |      0 |      0 |     17 |   1 |  105.0 |
               +--------+--------+--------+--------+--------+-----+--------+

Top non-repeatable levels by time:
     D:4: 1167 daAuts
     D:8: 1111 daAuts
     D:1: 1056 daAuts
     D:6: 980 daAuts
     D:7: 729 daAuts
     D:2: 658 daAuts
     D:3: 615 daAuts
     D:5: 458 daAuts
     D:9: 438 daAuts
 Abyss:1: 105 daAuts
  Temple: 81 daAuts
